 Dungeon Crawl Stone Soup version 0.31-a0-237-g2d982f9f85 (webtiles) character file.

Game seed: 12331236933004196050

1139 cforsyth the Grappler (level 8, -9/61 (70) HPs)
             Began as an Ogre Transmuter on July 11, 2023.
             Was an Initiate of Okawaru.
             Mangled by a wight
             ... wielding a +4 trident
              (10 damage)
             ... on level 5 of the Dungeon.
             The game lasted 00:05:47 (5345 turns).

cforsyth the Grappler (Ogre Transmuter)             Turns: 5345, Time: 00:05:48

HP:   -9/61 (70)    AC:  3    Str: 15    XL:     8   Next: 37%
MP:   9/11          EV:  9    Int: 16    God:    Okawaru [......]
Gold: 323           SH:  0    Dex:  9    Spells: 5/11 levels left

rFire   . .          .
                       - Unarmed
rCold   . . .        (no shield)
rNeg    . . .        a - +0 robe
rPois   .            (helmet restricted)
rElec   .            (no cloak)
rCorr   .            (gloves unavailable)
SInv    .            (boots unavailable)
Will    .....        (no amulet)
Stlth   +            (no ring)
HPRegen 0.30/turn    (no ring)
MPRegen 0.12/turn

%: no passive effects
@: heavily drained
A: large, unfitting armour, tough skin 1
a: Renounce Religion


You were on level 5 of the Dungeon.
You worshipped Okawaru.
Okawaru was noncommittal.
You visited 2 branches of the dungeon, and saw 6 of its levels.

You collected 323 gold pieces.

Inventory:

Armour
 a - a +0 robe (worn)
Wands
 m - a wand of charming (5)
 o - a wand of polymorph (4)
Scrolls
 c - 7 scrolls of identify {unknown}
 d - 2 scrolls of vulnerability {unknown}
 f - 4 scrolls of blinking {unknown}
 g - 3 scrolls of immolation {unknown}
 i - a scroll of teleportation {unknown}
 l - a scroll of revelation {unknown}
 n - a scroll of fog {unknown}
 p - a scroll of torment {unknown}
 s - 2 scrolls of poison {unknown}
Potions
 b - a potion of lignification
 e - a potion of berserk rage {unknown}
 h - 2 potions of ambrosia {unknown}
 j - a potion of invisibility {unknown}
 k - 2 potions of curing
 q - a potion of might {unknown}
 r - a potion of degeneration {unknown}


   Skills:
 - Level 1.3 Fighting
 - Level 1.7 Dodging
 + Level 9.3 Unarmed Combat
 - Level 2.4 Spellcasting
 - Level 1.7 Transmutations


You had 5 spell levels left.
You knew the following spells:

 Your Spells              Type           Power      Damage    Failure   Level
a - Beastly Appendage     Tmut           14%        N/A       10%         1
b - Wereblood             Tmut           7%         N/A       14%         2
c - Spider Form           Tmut/Pois      4%         N/A       38%         3

Your spell library contained the following spells:

 Spells                   Type           Power      Damage    Failure   Level
 Ensorcelled Hibernation  Hex/Ice        2%         N/A       30%         2
 Ice Form                 Ice/Tmut       4%         N/A       80%         4
 Anguish                  Hex/Necr       0%         N/A       89%         4


Dungeon Overview and Level Annotations

Branches:
Dungeon (5/15)             Temple (1/1) D:4

Altars:
Ashenzari
Cheibriados
Dithmenos
Elyvilon
Fedhas
Gozag
Kikubaaqudgha
Makhleb
Nemelex Xobeh
Okawaru
Qazlal
Trog
Uskayaw
Vehumet
Wu Jian
Xom
Zin
The Shining One

Annotations:
D:2 Grinder


Innate Abilities, Weirdness & Mutations

You are too large for most types of armour.
You have tough skin. (AC +1)


Message History

Confirm with . or Enter, or press ? or * to list all spells.
You turn into a venomous arachnid creature.
Your +0 robe melds into your body.
Unknown command.
You hit the wight.
The wight is lightly damaged.
You bite the wight!
The wight is severely damaged.
Your transformation is almost over.
The wight barely misses you.
You bite the wight!
You destroy the wight!
Okawaru accepts your kill.
Things that are here:
a +2 dire flail; a +0 robe A wight comes into view.
It is wielding a +4 trident.
The wight closely misses you. The wight hits you with a +4 trident!
You feel drained.
You hit the wight.
The wight is lightly damaged.
Your transformation has ended.
Your +0 robe unmelds from your body.
The wight hits you with a +4 trident!
You feel drained.
You closely miss the wight.
The wight is lightly damaged.
The wight hits you with a +4 trident.
You feel drained.
You hit the wight.
The wight is moderately damaged.
The wight hits you with a +4 trident!
You feel drained.
You closely miss the wight.
The wight is moderately damaged.
The wight hits you with a +4 trident!
* * * LOW HITPOINT WARNING * * *
You feel drained.
* * * LOW HITPOINT WARNING * * *
The wight barely misses you. The wight attacks as you move away!
The wight hits you with a +4 trident.
* * * LOW HITPOINT WARNING * * *
The wight hits you from afar with a +4 trident!
You die...

...#.#########.##########
####.# #.#.. #.# #.#.#
#.# #.#.# #.# #)#.# # #.#
#.#.#####.# #.#
#.#.......# #.#
#.#..z....#. #.#
#..@.z...... #.#
###.####..#. #.# ...#
####.# ##### .....#
######


You could see 2 wights.

Vanquished Creatures
  Sigmund (D:4)
  A black bear (D:5)
  2 ogres (D:4)
  A centaur (D:5)
  2 phantoms
  A scorpion (D:4)
  A wight (D:5)
  A howler monkey (D:5)
  A jelly (D:4)
  2 hounds
  Jessica (D:3)
  2 sleepcaps (D:4)
  An iguana (D:5)
  An orc wizard (D:5)
  3 adders
  A white imp (D:5)
  An ufetubus (D:3)
  4 worms
  4 dart slugs
  8 orcs
  2 bats (D:1)
  7 endoplasms
  5 goblins
  5 hobgoblins
  5 kobolds
  4 quokkas
  6 ball pythons
  5 frilled lizards
  3 rats
81 creatures vanquished.

Notes
Turn   | Place    | Note
-------+----------+-------------------------------------------
     0 | D:1      | cforsyth the Ogre Transmuter began the quest for the Orb.
     0 | D:1      | Reached XP level 1. HP: 19/19 MP: 3/3
   218 | D:1      | Reached skill level 3 in Unarmed Combat
   356 | D:1      | Reached XP level 2. HP: 16/27 MP: 3/5
  1074 | D:1      | Found a faded altar of an unknown god.
  1136 | D:2      | Reached XP level 3. HP: 33/33 MP: 4/6
  1244 | D:2      | Reached skill level 4 in Unarmed Combat
  1621 | D:2      | Reached XP level 4. HP: 25/41 MP: 7/7
  2674 | D:3      | Noticed Grinder
  2686 | D:2      | Paralysed by Grinder for 2 turns
  2927 | D:3      | Noticed Jessica
  2936 | D:3      | Killed Jessica
  2937 | D:3      | Reached skill level 5 in Unarmed Combat
  2937 | D:3      | Reached XP level 5. HP: 38/48 MP: 8/8
  3295 | D:4      | Noticed Sigmund
  3307 | D:4      | Killed Sigmund
  3308 | D:4      | Reached skill level 6 in Unarmed Combat
  3308 | D:4      | Reached XP level 6. HP: 55/55 MP: 9/9
  3445 | D:4      | Found a staircase to the Ecumenical Temple.
  3469 | Temple   | Entered the Ecumenical Temple
  3580 | D:4      | Reached skill level 7 in Unarmed Combat
  3580 | D:4      | Reached XP level 7. HP: 45/62 MP: 8/10
  4017 | D:4      | Found an opulent altar of Gozag.
  4413 | D:5      | Entered Level 5 of the Dungeon
  4413 | D:5      | Found an iron altar of Okawaru.
  4413 | D:5      | Found an ancient bone altar of Kikubaaqudgha.
  4413 | D:5      | Found an ornate altar of the Wu Jian Council.
  4413 | D:5      | Found a glowing silver altar of Zin.
  4413 | D:5      | Found a broken altar of Ashenzari.
  4423 | D:4      | Reached skill level 8 in Unarmed Combat
  4541 | D:4      | Learned a level 2 spell: Wereblood
  4545 | D:4      | Learned a level 3 spell: Spider Form
  4718 | D:5      | Found a white marble altar of Elyvilon.
  4728 | D:5      | Became a worshipper of Warmaster Okawaru
  4868 | D:5      | Reached XP level 8. HP: 65/70 MP: 9/11
  5170 | D:5      | Reached skill level 9 in Unarmed Combat
  5345 | D:5      | HP: 1/61 [wight/+4 trident (6)]
  5345 | D:5      | Mangled by a wight

Illustrated notes

Levels and vault maps discovered:
D:1:      reono_arrival_forest_river, layout_basic,
          shapermc_ecumenical_altar_mp_urbaneastern
D:2:      layout_basic
D:3:      layout_basic, uniq_jessica, uniq_grinder
D:4:      layout_basic, kennysheep_mini, minmay_temple_entry_tees,
          hellmonk_no_cap, uniq_sigmund
D:5:      layout_basic, grunt_temple_overflow_open
Temple:   nicolae_temple_ecumenical_triangle

Skill      XL: |  1  2  3  4  5  6  7  8 |
---------------+-------------------------+-----
Unarmed Combat | 3 4 5 6 7 8 9 |  9.3
Fighting       | |  1.3
Dodging        | |  1.7
Spellcasting   | |  2.4
Transmutations | |  1.7

Action                     |  1- 3 |  4- 6 |  7- 9 || total
---------------------------+-------+-------+-------++-------
  Melee: Unarmed           |    90 |    94 |    91 ||   275
         Kick              |    16 |    24 |    21 ||    61
         Headbutt          |    13 |     7 |    17 ||    37
         Punch             |     2 |     2 |       ||     4
   Cast: Beastly Appendage |    25 |    22 |    14 ||    61
         Spider Form       |       |       |     2 ||     2
    Use: Potion            |       |     2 |       ||     2
 Armour: Robe              |    24 |    11 |     7 ||    42
         Skin              |       |     1 |       ||     1
  Dodge: Dodged            |    47 |    37 |    38 ||   122

Table legend: (Time is in decaauts)
 A = Elapsed time spent in this place.
 B = Non-inter-level travel time spent in this place.
 C = Inter-level travel time spent in this place.
 D = Time resting spent in this place.
 E = Time spent auto-exploring this place.
 F = Levels seen in this place.
 G = Mean time per level.
                   A        B        C        D        E       F      G
               +--------+--------+--------+--------+--------+-----+--------+
         Total |   5319 |   5146 |    173 |    268 |   4200 |   6 |  886.5 |
       Dungeon |   5272 |   5109 |    163 |    268 |   4170 |   5 | 1054.4 |
        Temple |     46 |     36 |     10 |      0 |     30 |   1 |   46.0 |
               +--------+--------+--------+--------+--------+-----+--------+

Top non-repeatable levels by time:
     D:4: 1350 daAuts
     D:1: 1124 daAuts
     D:2: 1076 daAuts
     D:3: 928 daAuts
     D:5: 792 daAuts
  Temple: 46 daAuts
